 Dungeon Crawl Stone Soup version 0.26-a0-831-g7192265339 (webtiles) character file.

Game seed: 8588623758168792131

63 jiml777 the Magician (level 3, -2/19 HPs)
             Began as a Deep Elf Air Elementalist on Nov 16, 2020.
             Slain by Robin
             ... wielding a +2 vorpal trident
              (10 damage)
             ... on level 2 of the Dungeon.
             The game lasted 00:08:23 (817 turns).

jiml777 the Magician (Deep Elf Air Elementalist)     Turns: 817, Time: 00:08:23

Health: -2/19      AC:  2    Str:  5    XL:     3   Next: 89%
Magic:  1/10       EV: 17    Int: 20    God:
Gold:   84         SH:  0    Dex: 15    Spells: 8/9 levels left

rFire    . . .     SeeInvis .   g - +0 dagger
rCold    . . .     Faith    .   (no shield)
rNeg     . . .     Spirit   .   a - +0 robe
rPois    .         Reflect  .   (no helmet)
rElec    .         Harm     .   (no cloak)
rCorr    .         Rampage  .   (no gloves)
MR       .....                  (no boots)
Stlth    ++........             (no amulet)
HPRegen  0.06/turn              i - +4 ring of evasion
MPRegen  0.12/turn              (no ring)

@: no status effects
A: no striking features
a: no special abilities


You were on level 2 of the Dungeon.
You visited 1 branch of the dungeon, and saw 2 of its levels.

You collected 84 gold pieces.

Inventory:

Hand Weapons
 g - a +0 dagger (weapon)
Missiles
 c - 27 arrows
Armour
 a - a +0 robe (worn)
Jewellery
 i - a +4 ring of evasion (left hand)
Scrolls
 b - 2 scrolls of teleportation {unknown}
 d - a scroll of blinking {unknown}
 e - a scroll of fog {unknown}
 h - a scroll of identify {unknown}
Potions
 f - a potion of brilliance {unknown}


   Skills:
 + Level 2.8 Dodging
 + Level 2.7 Stealth
 + Level 3.9 Spellcasting
 + Level 1.7 Conjurations
 + Level 3.9 Air Magic


You had 8 spell levels left.
You knew the following spells:

 Your Spells              Type           Power        Failure   Level
a - Shock                 Conj/Air       ###.         4%          1

Your spell library contained the following spells:

 Spells                   Type           Power        Failure   Level
 Swiftness                Air            ###.....     4%          2
 Static Discharge         Conj/Air       ###.....     12%         3
 Airstrike                Air            ###.......   26%         4
 Lightning Bolt           Conj/Air       ###.......   75%         5


Dungeon Overview and Level Annotations

Branches:
Dungeon (2/15)

Altars:

Annotations:
D:2 Robin


Message History

Robin closely misses you.
A hobgoblin comes into view. It is wielding a +0 club.
Found 13 arrows.
Found 19 arrows.
Found an escape hatch in the floor.
Casting: Shock (safe; 4% risk of failure)
Confirm with . or Enter, or press ? or * to list all spells.
Okay, then.
Sorry, you're not good enough to have a special ability.
Casting: Shock (safe; 4% risk of failure)
Confirm with . or Enter, or press ? or * to list all spells.
Aiming: Shock (safe; 4% risk of failure)
Press: ? - help, Shift-Dir - straight line, f - Robin
Aim: Robin, wielding a +2 vorpal trident, wearing a +0 animal skin and wearing a +0 helmet (almost dead)
The zap hits Robin.
Robin is almost dead.
Robin says, "Duck!"
Robin hits you from afar with a +2 vorpal trident!
Ouch! That really hurt!
You die...

###.#.# #.......##
#.....#.#< ##.....#.).
#......###.
##############..........
#..>........##..........
#...........##.....>....
#......@.g............##
#########.............#
#.............#
(........#........
..........#...#....
...........#...#....
...........#...#....
...........#...#....
###......#..(#.g..


You could see Robin.

Vanquished Creatures
  A jelly (D:2)
  3 bats (D:1)
  A giant cockroach (D:1)
  15 goblins
  5 hobgoblins
  A frilled lizard (D:1)
  3 kobolds (D:1)
29 creatures vanquished.

Notes
Turn   | Place    | Note
-------+----------+-------------------------------------------
     0 | D:1      | jiml777 the Deep Elf Air Elementalist began the quest for
                  | the Orb.
     0 | D:1      | Reached XP level 1. HP: 10/10 MP: 6/6
   177 | D:1      | Reached XP level 2. HP: 15/15 MP: 6/8
   724 | D:2      | Reached XP level 3. HP: 19/19 MP: 6/10
   787 | D:2      | Noticed Robin
   817 | D:2      | Slain by Robin

Illustrated notes

Levels and vault maps discovered:
D:1:      minmay_arrival_stair_chambers, layout_basic
D:2:      layout_basic, eino_tiny_chamber, grunt_ministairs_13, uniq_robin

Action                   || total
-------------------------++-------
Melee: Dagger            ||     7
 Cast: Shock             ||    46
Armor: Robe              ||     3
Dodge: Dodged            ||     9

Table legend: (Time is in decaauts)
 A = Elapsed time spent in this place.
 B = Non-inter-level travel time spent in this place.
 C = Inter-level travel time spent in this place.
 D = Time resting spent in this place.
 E = Time spent auto-exploring this place.
 F = Levels seen in this place.
 G = Mean time per level.
                   A        B        C        D        E       F      G
               +--------+--------+--------+--------+--------+-----+--------+
         Total |    815 |    796 |     19 |    233 |    281 |   2 |  407.5 |
       Dungeon |    815 |    796 |     19 |    233 |    281 |   2 |  407.5 |
               +--------+--------+--------+--------+--------+-----+--------+

Top non-repeatable levels by time:
     D:1: 718 daAuts
     D:2: 97 daAuts
